Map: Jagannatha LE

Players

blcyber - Winner!

  • Race: Zerg Zerg
  • League: Gold

A.I. 1 (Very Easy)

  • Race: Terran Terran

VOD

Have the link to the VOD?

Description

Time

  • Played on: June 23, 2021, 7:52 p.m.
  • Length: 11:45
Show
View Real Time Build Order
Export as new Build Order

blcyber Zerg - Winner!

Build Orders: Hatch First 

Get SALT Encoding   

  12  0:01  Drone  
  13  0:17  Overlord  
  13  0:23  Drone  
  14  0:36  Drone x2  
  16  0:53  Drone  
  17  0:58  Hatchery  
  17  1:00  Drone  
  17  1:03  Drone  
  18  1:13  Extractor  
  18  1:18  Spawning Pool  
  16  1:19  Drone  
  16  1:23  Drone  
  18  1:33  Drone  
  19  1:43  Drone  
  20  1:54  Overlord  
  20  2:09  Queen  
  20  2:12  Queen  
  24  2:23  Metabolic Boost  
  24  2:34  Zergling x4  
  26  2:42  Hatchery  
  25  2:50  Queen  
  27  2:52  Overlord  
  27  2:55  Drone x3  
  27  2:57  Drone  
  31  3:12  Overlord  
  31  3:17  Drone x3  
  31  3:19  Drone x3  
  37  3:28  Queen  
  39  3:36  Overlord  
  39  3:38  Drone x2  
  41  3:46  Drone  
  42  3:52  Drone  
  42  3:53  Drone  
  42  3:55  Drone  
  45  3:56  Queen  
  45  3:57  Overlord  
  45  4:02  Drone x3  
  50  4:10  Queen  
  52  4:22  Overlord  
  52  4:25  Drone x6  
  52  4:26  Drone x2  
  60  4:39  Extractor  
  60  4:40  Drone x3  
  60  4:41  Evolution Chamber, Drone x2  
  60  4:42  Evolution Chamber  
  60  4:43  Drone  
  60  4:44  Drone x2  
  65  4:48  Overlord  
  65  4:54  Queen  
  67  5:08  Overlord  
  67  5:11  Drone  
  68  5:15  Spore Crawler  
  68  5:17  Spore Crawler  
  68  5:19  Zerg Melee Weapons Level 1  
  66  5:21  Zerg Ground Armor Level 1  
  66  5:24  Drone x2  
  66  5:28  Spore Crawler  
  67  5:34  Overlord  
  67  5:38  Baneling Nest  
  66  5:55  Lair  
  66  5:56  Overlord  
  66  6:12  Hatchery  
  66  6:14  Hatchery  
  66  6:16  Extractor  
  66  6:17  Drone x3  
  66  6:18  Overlord  
  66  6:23  Extractor, Drone x3  
  66  6:25  Extractor, Drone x3  
  70  6:28  Drone x3  
  70  6:31  Drone x4  
  77  6:35  Zergling x2  
  77  6:38  Zergling x2  
  79  7:13  Hydralisk Den  
  78  7:18  Overlord  
  78  7:19  Centrifical Hooks  
  78  7:23  Zergling x2  
  78  7:24  Zergling x12  
  78  7:25  Zergling x8  
  78  7:28  Zerg Melee Weapons Level 2  
  78  7:29  Zerg Ground Armor Level 2  
  89  7:32  Queen  
  89  7:33  Drone x5  
  89  7:34  Drone x5  
  101  7:38  Overlord  
  101  7:40  Zergling x2  
  101  7:41  Zergling x4  
  101  7:43  Grooved Spines  
  104  8:13  Drone x4  
  104  8:14  Drone  
  104  8:15  Drone  
  110  8:23  Hydralisk x5  
  110  8:24  Hydralisk  
  110  8:25  Zergling x8  
  110  8:26  Zergling x6  
  129  8:31  Overlord  
  129  8:35  Baneling  
  129  8:37  Baneling  
  129  8:38  Baneling x6  
  129  8:39  Baneling  
  129  8:42  Zergling x6  
  129  8:43  Zergling x4  
  134  8:55  Muscular Augments  
  134  9:03  Hydralisk x2  
  134  9:04  Infestation Pit  
  134  9:07  Extractor, Drone x2  
  134  9:08  Extractor, Drone x2  
  134  9:09  Drone  
  140  9:10  Drone x3  
  140  9:11  Overlord x3  
  143  9:22  Zergling x10  
  143  9:23  Hydralisk x2, Zergling x8  
  156  9:27  Hatchery  
  156  9:31  Overlord  
  155  9:52  Hydralisk x3  
  155  9:53  Hydralisk x2  
  155  9:55  Zergling x12  
  155  9:56  Zergling x6  
  155  9:57  Hive  
  174  10:03  Lurker Den  
  173  10:10  Overlord x2  
  173  10:11  Evolution Chamber  
  173  10:12  Hydralisk x2, Zergling x4  
  178  10:27  Hydralisk  
  178  10:28  Hydralisk x4  
  180  10:29  Zergling x2  
  180  10:30  Zergling x4  
  191  10:40  Baneling  
  191  10:41  Baneling x7  
  191  10:42  Baneling, Hatchery  
  190  10:44  Hydralisk x2  
  190  10:45  Hydralisk x3  
  198  11:17  Zergling x4  
Show
View Real Time Build Order
Export as new Build Order

A.I. 1 (Very Easy) Terran 

Build Orders: Reaper Expand 

Get SALT Encoding   

  12  0:00  SCV  
  13  0:13  SCV  
  14  0:18  Supply Depot  
  14  0:42  Barracks  
  14  1:02  Command Center  
  14  1:28  Marine  
  14  1:31  Orbital Command, Supply Depot  
  15  1:37  Refinery  
  15  1:49  Refinery  
  15  1:56  SCV  
  16  2:08  SCV  
  16  2:15  SCV  
  18  2:17  Reaper  
  18  2:22  SCV  
  20  2:29  SCV  
  21  2:36  SCV  
  22  2:43  SCV  
  23  2:46  Refinery  
  23  2:50  SCV  
  24  2:58  SCV  
  25  3:02  Marine  
  25  3:05  SCV  
  27  3:12  SCV  
  28  3:19  SCV  
  29  3:20  Factory  
  29  3:41  Refinery  
  29  3:44  SCV  
  29  3:47  Marine  
  31  3:51  SCV  
  32  3:57  Supply Depot  
  32  3:58  SCV  
  33  4:05  SCV  
  33  4:07  Starport, Barracks Tech Lab  
  34  4:12  SCV  
  35  4:19  SCV  
  36  4:27  SCV  
  36  4:31  Supply Depot  
  37  4:32  Marauder  
  37  4:34  SCV  
  40  4:41  SCV  
  40  4:45  Starport Tech Lab  
  41  4:48  SCV  
  42  4:55  SCV  
  43  5:02  SCV  
  43  5:04  Raven  
  46  5:10  SCV  
  47  5:17  SCV, Marauder  
  50  5:47  Raven  
  52  6:02  Marine  
  53  6:47  Marine  
  54  7:57  SCV  
  54  8:38  SCV  
  54  9:49  SCV  
  54  10:37  Marine, Medivac  
  54  10:40  Supply Depot  
  57  10:58  Marine  
  46  11:15  SCV  
  46  11:17  Supply Depot  
  46  11:18  Marauder  
  27  11:29  SCV  
Tags
 
Add a new tag
Caveats
  • Supply blocks, unpowered buildings, or Contaminate may cause inaccurate times.
  • Supply counts are checked every 10 seconds.